TOP OF THE 1ST |
Pocatello Bellas batting - Pitching for Portland Cards : LHP Francisco Nieto
|
Pitching: LHP Francisco Nieto
|
|
Batting: SHB Shane Hutchinson
|
0-0: Ball 1-0: Called Strike 1-1: Ball 2-1: Called Strike 2-2: Foul Ball, location: 2F 2-2: Foul Ball, location: 2F 2-2: Foul Ball, location: 2F 2-2: Foul Ball, location: 2F 2-2: Strikes out swinging
|
Batting: RHB Lonnie Anderson
|
0-0: Foul Ball, location: 2F 0-1: Foul Ball, location: 2F 0-2: Foul Ball, location: 2F 0-2: Ground out 4-3 (Groundball, 4)
|
Batting: RHB Buck Jones
|
0-0: Foul Ball, location: 2F 0-1: Hit by Pitch
|
Pinch Runner at 1st José Herrera:
|
|
Batting: RHB António Ortega
|
0-0: Ball 1-0: Called Strike 1-1: Foul Ball, location: 2F 1-2: Ball 2-2: Strikes out swinging
|
Top of the 1st over - 0 runs, 0 hits, 0 errors, 1 left on base; Pocatello 0 - Portland 0 |
BOTTOM OF THE 1ST |
Portland Cards batting - Pitching for Pocatello Bellas : LHP Hong-ryul Yun
|
Pitching: LHP Hong-ryul Yun
|
|
Now in CF: José Herrera
|
|
Batting: RHB Dennis Garner
|
0-0: Swinging Strike 0-1: Ball 1-1: Foul Ball, location: 2F 1-2: Strikes out swinging
|
Batting: LHB Phil Cantrell
|
0-0: Called Strike 0-1: SINGLE (Groundball, 5D)
|
Batting: SHB Giancarlo Giannini
|
0-0: Ball Phil Cantrell steals 2nd base 1-0: Ball 2-0: Ball 3-0: Base on Balls
|
Batting: LHB Troy Donaldson
|
0-0: Ball 1-0: SINGLE (Line Drive, 6M) Phil Cantrell to third Giancarlo Giannini to second Runner from 3rd tries for Home, SAFE, no throw
|
Batting: RHB Bonifacio Torres
|
0-0: Ball Giancarlo Giannini steals 3rd base Troy Donaldson to second 1-0: Fly out, F7 (Flyball, 78M) Throwing error, E7 Giancarlo Giannini scores Troy Donaldson to third
|
Batting: RHB Mario Méndez
|
0-0: Ball 1-0: Fly out, F6 (Popup, 6MS)
|
Bottom of the 1st over - 2 runs, 2 hits, 1 error, 1 left on base; Pocatello 0 - Portland 2 |
TOP OF THE 2ND |
Pocatello Bellas batting - Pitching for Portland Cards : LHP Francisco Nieto
|
Batting: SHB Juan Castro
|
0-0: Ball 1-0: Called Strike 1-1: Swinging Strike 1-2: Foul Ball, location: 2F 1-2: Foul Ball, location: 2F 1-2: Ground out 6-3 (Groundball, 6M)
|
Batting: RHB Júlio Figueroa
|
0-0: Called Strike 0-1: Ball 1-1: Called Strike 1-2: Ground out 6-3 (Groundball, 6)
|
Batting: RHB Javier Deleón
|
0-0: Called Strike 0-1: Foul Ball, location: 2F 0-2: Fly out, F8 (Line Drive, 78D)
|
Top of the 2nd over - 0 runs, 0 hits, 0 errors, 0 left on base; Pocatello 0 - Portland 2 |
BOTTOM OF THE 2ND |
Portland Cards batting - Pitching for Pocatello Bellas : LHP Hong-ryul Yun
|
Batting: SHB Ken Hernández
|
0-0: Swinging Strike 0-1: Ball 1-1: Ball 2-1: Swinging Strike 2-2: Strikes out swinging
|
Batting: SHB Dale Winters
|
0-0: Ball 1-0: SINGLE (Groundball, 56D)
|
Batting: LHB Joel Nelson
|
0-0: Ball Dale Winters steals 2nd base 1-0: Called Strike 1-1: Called Strike 1-2: Strikes out swinging
|
Batting: RHB Dennis Garner
|
0-0: Ball 1-0: Called Strike 1-1: Called Strike 1-2: Ball 2-2: Foul Ball, location: 2F 2-2: Strikes out swinging
|
Bottom of the 2nd over - 0 runs, 1 hit, 0 errors, 1 left on base; Pocatello 0 - Portland 2 |
TOP OF THE 3RD |
Pocatello Bellas batting - Pitching for Portland Cards : LHP Francisco Nieto
|
Batting: LHB José Rivas
|
0-0: Ball 1-0: Called Strike 1-1: SINGLE (Groundball, 34S) (infield hit)
|
Batting: RHB Enrique Mendoza
|
0-0: SINGLE (Flyball, 7S) José Rivas to second
|
Batting: SHB Shane Hutchinson
|
0-0: Called Strike 0-1: Swinging Strike 0-2: Ball 1-2: Strikes out swinging
|
Batting: RHB Lonnie Anderson
|
0-0: Swinging Strike 0-1: Ball 1-1: Ball 2-1: Called Strike 2-2: Strikes out looking
|
Batting: RHB José Herrera
|
0-0: SINGLE (Groundball, 4D) José Rivas to third Enrique Mendoza to second
|
Batting: RHB António Ortega
|
0-0: Swinging Strike 0-1: Ball 1-1: Foul Ball, location: 2F 1-2: GRAND SLAM HOME RUN (Flyball, 7D), Distance : 369 ft
|
Batting: SHB Juan Castro
|
0-0: Ball 1-0: Ball 2-0: Swinging Strike 2-1: Called Strike 2-2: Strikes out swinging
|
Top of the 3rd over - 4 runs, 4 hits, 0 errors, 0 left on base; Pocatello 4 - Portland 2 |
BOTTOM OF THE 3RD |
Portland Cards batting - Pitching for Pocatello Bellas : LHP Hong-ryul Yun
|
Batting: LHB Phil Cantrell
|
0-0: Called Strike 0-1: Ball 1-1: Called Strike 1-2: Fly out, F7 (Flyball, 78M)
|
Batting: SHB Giancarlo Giannini
|
0-0: Ball 1-0: Called Strike 1-1: Ball 2-1: Fly out, F4 (Line Drive, 4)
|
Batting: LHB Troy Donaldson
|
0-0: Swinging Strike 0-1: Ball 1-1: Called Strike 1-2: SINGLE (Flyball, 89M)
|
Batting: RHB Bonifacio Torres
|
0-0: Ball 1-0: Fielders Choice at 2nd, 5-4 (Groundball, 56)
|
Bottom of the 3rd over - 0 runs, 1 hit, 0 errors, 1 left on base; Pocatello 4 - Portland 2 |
TOP OF THE 4TH |
Pocatello Bellas batting - Pitching for Portland Cards : LHP Francisco Nieto
|
Batting: RHB Júlio Figueroa
|
0-0: Ball 1-0: Called Strike 1-1: Called Strike 1-2: SINGLE (Flyball, 89S)
|
Batting: RHB Javier Deleón
|
0-0: Ball 1-0: Foul Ball, location: 2F 1-1: Swinging Strike 1-2: Foul Ball, location: 2F 1-2: Foul Ball, location: 2F 1-2: Ball 2-2: Ball 3-2: Base on Balls Júlio Figueroa to second
|
Batting: LHB José Rivas
|
0-0: Swinging Strike 0-1: Foul Ball, location: 2F 0-2: Strikes out swinging
|
Batting: RHB Enrique Mendoza
|
0-0: Ball 1-0: Ball 2-0: Reached on error, E6 (Groundball, 56) Júlio Figueroa to third Javier Deleón to second
|
Batting: SHB Shane Hutchinson
|
0-0: Ball 1-0: Foul Ball, location: 2F 1-1: Swinging Strike 1-2: Strikes out swinging
|
Batting: RHB Lonnie Anderson
|
0-0: Swinging Strike 0-1: Ball 1-1: Ball 2-1: SINGLE (Line Drive, 56D) Júlio Figueroa scores Javier Deleón to third Enrique Mendoza to second Runner from 3rd tries for Home, SAFE, no throw
|
Batting: RHB José Herrera
|
0-0: Ball Wild Pitch! Enrique Mendoza to third Lonnie Anderson to second 1-0: Swinging Strike 1-1: Foul Ball, location: 2F 1-2: Foul Ball, location: 2F 1-2: Ball 2-2: Ground out 6-3 (Groundball, 6MS)
|
Top of the 4th over - 2 runs, 2 hits, 1 error, 2 left on base; Pocatello 6 - Portland 2 |
BOTTOM OF THE 4TH |
Portland Cards batting - Pitching for Pocatello Bellas : LHP Hong-ryul Yun
|
Batting: RHB Mario Méndez
|
0-0: Foul Ball, location: 2F 0-1: Ball 1-1: Called Strike 1-2: Foul Ball, location: 2F 1-2: Foul Ball, location: 2F 1-2: Foul Ball, location: 2F 1-2: Strikes out swinging
|
Batting: SHB Ken Hernández
|
0-0: Ball 1-0: Ground out 5-3 (Groundball, 56)
|
Batting: SHB Dale Winters
|
0-0: Called Strike 0-1: Ball 1-1: Ground out 4-3 (Groundball, 34)
|
Bottom of the 4th over - 0 runs, 0 hits, 0 errors, 0 left on base; Pocatello 6 - Portland 2 |
TOP OF THE 5TH |
Pocatello Bellas batting - Pitching for Portland Cards : LHP Francisco Nieto
|
Batting: RHB António Ortega
|
0-0: Foul Ball, location: 2F 0-1: Ball 1-1: Ground out 5-3 (Groundball, 56S)
|
Batting: SHB Juan Castro
|
0-0: Ball 1-0: Called Strike 1-1: Foul Ball, location: 2F 1-2: Foul Ball, location: 2F 1-2: Foul Ball, location: 2F 1-2: Strikes out swinging
|
Batting: RHB Júlio Figueroa
|
0-0: Called Strike 0-1: SINGLE (Groundball, 6MD)
|
Batting: RHB Javier Deleón
|
0-0: Swinging Strike 0-1: Swinging Strike 0-2: Ball 1-2: Strikes out swinging
|
Top of the 5th over - 0 runs, 1 hit, 0 errors, 1 left on base; Pocatello 6 - Portland 2 |
BOTTOM OF THE 5TH |
Portland Cards batting - Pitching for Pocatello Bellas : LHP Hong-ryul Yun
|
Batting: LHB Joel Nelson
|
0-0: Ball 1-0: Fly out, F9 (Flyball, 9LSF)
|
Batting: RHB Dennis Garner
|
0-0: Called Strike 0-1: Ball 1-1: Ball 2-1: DOUBLE (Flyball, 78D)
|
Batting: LHB Phil Cantrell
|
0-0: Called Strike 0-1: Ball 1-1: Ground out 4-3 (Groundball, 4) Dennis Garner to third
|
Batting: SHB Giancarlo Giannini
|
0-0: Fly out, F9 (Flyball, 9LD)
|
Bottom of the 5th over - 0 runs, 1 hit, 0 errors, 1 left on base; Pocatello 6 - Portland 2 |
TOP OF THE 6TH |
Pocatello Bellas batting - Pitching for Portland Cards : LHP Francisco Nieto
|
Pitching: RHP Brian Hull
|
|
Batting: LHB José Rivas
|
0-0: Foul Ball, location: 2F 0-1: Called Strike 0-2: Fly out, F5 (Popup, 6)
|
Batting: RHB Enrique Mendoza
|
0-0: Ball 1-0: Ball 2-0: Foul Ball, location: 2F 2-1: Called Strike 2-2: Foul Ball, location: 2F 2-2: Fly out, F9 (Flyball, 9)
|
Batting: SHB Shane Hutchinson
|
0-0: Ball 1-0: Ball 2-0: Foul Ball, location: 2F 2-1: Foul Ball, location: 2F 2-2: Foul Ball, location: 2F 2-2: Foul Ball, location: 2F 2-2: Foul Ball, location: 2F 2-2: Ball 3-2: SINGLE (Groundball, 34D)
|
Batting: RHB Lonnie Anderson
|
0-0: Ball 1-0: Foul Ball, location: 2F 1-1: SINGLE (Groundball, 6MD) Shane Hutchinson to second Runner from 2nd tries for 3rd, SAFE, no throw
|
Batting: RHB José Herrera
|
0-0: Ball 1-0: Swinging Strike 1-1: Foul Ball, location: 2F 1-2: Ball 2-2: Ball 3-2: Foul Ball, location: 2F 3-2: Strikes out swinging
|
Top of the 6th over - 0 runs, 2 hits, 0 errors, 2 left on base; Pocatello 6 - Portland 2 |
BOTTOM OF THE 6TH |
Portland Cards batting - Pitching for Pocatello Bellas : LHP Hong-ryul Yun
|
Batting: LHB Troy Donaldson
|
0-0: Swinging Strike 0-1: Foul Ball, location: 2F 0-2: Ball 1-2: Strikes out looking
|
Batting: RHB Bonifacio Torres
|
0-0: Called Strike 0-1: Fly out, F7 (Flyball, 7S)
|
Batting: RHB Mario Méndez
|
0-0: Swinging Strike 0-1: Called Strike 0-2: Strikes out swinging
|
Bottom of the 6th over - 0 runs, 0 hits, 0 errors, 0 left on base; Pocatello 6 - Portland 2 |
TOP OF THE 7TH |
Pocatello Bellas batting - Pitching for Portland Cards : RHP Brian Hull
|
Batting: RHB António Ortega
|
0-0: Called Strike 0-1: Ball 1-1: Swinging Strike 1-2: Ball 2-2: Fly out, F8 (Line Drive, 8LM)
|
Batting: SHB Juan Castro
|
0-0: Ball 1-0: Swinging Strike 1-1: Foul Ball, location: 2F 1-2: Ground out 4-3 (Groundball, 4)
|
Batting: RHB Júlio Figueroa
|
0-0: Called Strike 0-1: Ball 1-1: SINGLE (Line Drive, 6M)
|
Batting: RHB Javier Deleón
|
0-0: Foul Ball, location: 2F 0-1: Ball 1-1: Ball 2-1: Called Strike 2-2: Fly out, F7 (Flyball, 7LS)
|
Top of the 7th over - 0 runs, 1 hit, 0 errors, 1 left on base; Pocatello 6 - Portland 2 |
BOTTOM OF THE 7TH |
Portland Cards batting - Pitching for Pocatello Bellas : LHP Hong-ryul Yun
|
Batting: SHB Ken Hernández
|
0-0: Called Strike 0-1: Fly out, F9 (Line Drive, 9)
|
Batting: SHB Dale Winters
|
0-0: Ball 1-0: Ball 2-0: Swinging Strike 2-1: Fly out, F7 (Flyball, 8LS)
|
Batting: LHB Joel Nelson
|
0-0: Called Strike 0-1: Ground out 5-3 (Groundball, 5L)
|
Bottom of the 7th over - 0 runs, 0 hits, 0 errors, 0 left on base; Pocatello 6 - Portland 2 |
TOP OF THE 8TH |
Pocatello Bellas batting - Pitching for Portland Cards : RHP Brian Hull
|
Batting: LHB José Rivas
|
0-0: Ball 1-0: DOUBLE (Groundball, 3L)
|
Batting: RHB Enrique Mendoza
|
0-0: Ball 1-0: Fly out, F3 (Popup, 3SF)
|
Batting: SHB Shane Hutchinson
|
0-0: Intentional Walk
|
Batting: RHB Lonnie Anderson
|
0-0: Ball 1-0: Ball 2-0: Ball 3-0: Base on Balls José Rivas to third Shane Hutchinson to second
|
Batting: RHB José Herrera
|
0-0: Swinging Strike 0-1: SINGLE (Groundball, 34) José Rivas scores Shane Hutchinson to third Lonnie Anderson to second Runner from 3rd tries for Home, SAFE, no throw
|
Batting: RHB António Ortega
|
0-0: Swinging Strike 0-1: Swinging Strike Passed Ball! Lonnie Anderson to third José Herrera to second 0-2: Strikes out looking
|
Batting: SHB Juan Castro
|
0-0: TRIPLE (Flyball, 8LXD) Lonnie Anderson scores José Herrera scores
|
Batting: RHB Júlio Figueroa
|
0-0: SINGLE (Line Drive, 6M) Juan Castro scores
|
Batting: RHB Javier Deleón
|
0-0: Ball 1-0: Ball 2-0: Called Strike 2-1: Ball 3-1: Base on Balls Júlio Figueroa to second
|
Batting: LHB José Rivas
|
0-0: Foul Ball, location: 2F 0-1: Ball 1-1: Ball 2-1: Ball 3-1: Base on Balls Júlio Figueroa to third Javier Deleón to second
|
Batting: RHB Enrique Mendoza
|
0-0: Ball 1-0: Called Strike 1-1: Fielders Choice at 2nd, 6-4 (Groundball, 6)
|
Top of the 8th over - 5 runs, 4 hits, 0 errors, 3 left on base; Pocatello 11 - Portland 2 |
BOTTOM OF THE 8TH |
Portland Cards batting - Pitching for Pocatello Bellas : LHP Hong-ryul Yun
|
Batting: RHB Dennis Garner
|
0-0: Foul Ball, location: 2F 0-1: Ball 1-1: Swinging Strike 1-2: Foul Ball, location: 2F 1-2: Ball 2-2: Foul Ball, location: 2F 2-2: Foul Ball, location: 2F 2-2: SINGLE (Groundball, 34D)
|
Batting: LHB Phil Cantrell
|
0-0: Hit by Pitch Dennis Garner to second
|
Batting: SHB Giancarlo Giannini
|
0-0: Ball 1-0: Fly out, F3 (Popup, 3SF)
|
Batting: LHB Troy Donaldson
|
0-0: Ball 1-0: SINGLE (Line Drive, 6D) Dennis Garner to third Phil Cantrell to second Runner from 3rd tries for Home, SAFE, no throw
|
Batting: RHB Bonifacio Torres
|
0-0: Grounds into double play, 5-4-3 (Groundball, 56)
|
Bottom of the 8th over - 1 run, 2 hits, 0 errors, 1 left on base; Pocatello 11 - Portland 3 |
TOP OF THE 9TH |
Pocatello Bellas batting - Pitching for Portland Cards : RHP Brian Hull
|
Pitching: LHP Allan Bader
|
|
Batting: SHB Shane Hutchinson
|
0-0: Ball 1-0: Foul Ball, location: 2F 1-1: Foul Ball, location: 2F 1-2: Ball 2-2: SINGLE (Line Drive, 56D)
|
Batting: RHB Lonnie Anderson
|
0-0: Ball 1-0: Called Strike Shane Hutchinson steals 2nd base 1-1: Fly out, F4 (Line Drive, 4)
|
Batting: RHB José Herrera
|
0-0: Called Strike 0-1: Ball 1-1: Called Strike 1-2: 2-RUN HOME RUN (Flyball, 7D), Distance : 365 ft
|
Batting: RHB António Ortega
|
0-0: Foul Ball, location: 2F 0-1: Ball 1-1: Foul Ball, location: 2F 1-2: Fly out, F1 (Line Drive, 13)
|
Batting: SHB Juan Castro
|
0-0: Ground out 5-3 (Groundball, 5)
|
Top of the 9th over - 2 runs, 2 hits, 0 errors, 0 left on base; Pocatello 13 - Portland 3 |
BOTTOM OF THE 9TH |
Portland Cards batting - Pitching for Pocatello Bellas : LHP Hong-ryul Yun
|
Batting: RHB Mario Méndez
|
0-0: Called Strike 0-1: Swinging Strike 0-2: Strikes out looking
|
Batting: SHB Ken Hernández
|
0-0: Foul Ball, location: 2F 0-1: Ball 1-1: Ball 2-1: Foul Ball, location: 2F 2-2: Ball 3-2: Strikes out swinging
|
Batting: SHB Dale Winters
|
0-0: Swinging Strike 0-1: Foul Ball, location: 2F 0-2: Strikes out looking
|
Bottom of the 9th over - 0 runs, 0 hits, 0 errors, 0 left on base; Pocatello 13 - Portland 3 |
|